Map: Ley Lines

Players

wootwoot

  • Race: Terran Terran
  • League: Diamond
  • Spawn Location: 7:00

firebat - Winner!

  • Race: Terran Terran
  • League: Master
  • Spawn Location: 1:00

VOD

Have the link to the VOD?

Description

Time

  • Played on: April 4, 2025, 1:21 a.m.
  • Length: 6:00
Show
View Real Time Build Order
Export as new Build Order

wootwoot Terran 

Build Orders:  

Get SALT Encoding   

  12  0:00  SCV  
  13  0:12  SCV  
  14  0:18  Supply Depot  
  14  0:25  SCV  
  15  0:30  Refinery  
  15  0:40  SCV  
  16  0:50  Barracks  
  16  0:55  SCV  
  17  1:10  Barracks  
  17  1:24  Barracks  
  17  1:33  Refinery  
  17  1:37  Reaper  
  18  1:57  Orbital Command, Reaper  
  19  2:09  Reaper  
  19  2:11  Reaper  
  21  2:19  Supply Depot  
  21  2:29  Reaper  
  22  2:34  SCV  
  23  2:41  Reaper  
  23  2:43  Reaper  
  24  2:49  SCV  
  24  3:01  Reaper  
  24  3:02  SCV  
  26  3:13  Reaper  
  26  3:14  SCV  
  26  3:15  Reaper  
  29  3:25  Barracks  
  29  3:26  SCV  
  30  3:27  Barracks  
  30  3:33  Reaper  
  31  3:35  Supply Depot  
  31  3:38  SCV  
  32  3:45  Reaper  
  32  3:47  Reaper  
  34  3:54  SCV  
  35  3:58  Engineering Bay  
  35  4:05  Reaper  
  36  4:11  SCV  
  36  4:14  Reaper x2  
  39  4:18  Reaper  
  39  4:23  SCV  
  41  4:26  Missile Turret  
  39  4:48  Barracks Tech Lab  
  39  4:49  Missile Turret  
  39  4:51  SCV  
  39  5:02  Marine x2  
  39  5:03  SCV, Marine x2  
  44  5:13  Marine  
  45  5:15  SCV  
  45  5:20  Marine  
  45  5:21  Marine  
  47  5:22  Marine  
  47  5:23  Marine  
  47  5:27  SCV  
  46  5:31  Marine  
  37  5:39  SCV  
Show
View Real Time Build Order
Export as new Build Order

firebat Terran - Winner!

Build Orders:  

Get SALT Encoding   

  12  0:00  SCV  
  13  0:13  SCV  
  14  0:17  Supply Depot  
  14  0:25  SCV  
  15  0:38  SCV  
  15  0:41  Barracks  
  16  0:44  Refinery  
  16  0:50  SCV  
  16  0:56  Refinery  
  17  1:04  SCV  
  18  1:16  SCV  
  19  1:28  Marine  
  19  1:29  Orbital Command  
  20  1:35  Factory  
  20  1:46  Reaper  
  21  1:54  Supply Depot  
  21  1:55  SCV  
  22  2:04  Supply Depot  
  22  2:18  Marine  
  22  2:19  Hellion  
  25  2:26  Armory  
  25  2:36  Marine  
  24  2:49  Hellion  
  26  2:54  Marine  
  27  3:10  SCV  
  27  3:11  Marine, Hellion  
  31  3:18  Starport  
  31  3:24  Terran Vehicle And Ship Armor Level 1  
  31  3:26  Supply Depot  
  31  3:27  SCV  
  31  3:29  Marine  
  35  3:35  Factory Tech Lab  
  35  3:40  SCV  
  34  3:47  Marine  
  35  3:53  Thor  
  41  3:58  Medivac  
  41  4:01  SCV  
  44  4:06  Supply Depot  
  44  4:24  Marine  
  43  4:30  Bunker  
  44  4:36  Siege Tank  
  43  4:42  Marine  
  44  4:48  Liberator  
  47  4:52  Supply Depot x2  
  34  5:13  Cyclone  
  27  5:14  Marine  
  27  5:32  Marine  
  27  5:41  SCV  
Tags
 
Matchup
TvT
Race
Terran
Replay Pack
B2M-Replays
Spawn Locations
Cross Positions
Add a new tag
Caveats
  • Supply blocks, unpowered buildings, or Contaminate may cause inaccurate times.
  • Supply counts are checked every 10 seconds.